 Dungeon Crawl Stone Soup version 0.28-a0-1087-gf3fc490d9d (webtiles) character file.

Game seed: 17202645084972209889

2265 Zonian the Grave Robber (level 9, -5/65 HPs)
             Began as a Demonspawn Necromancer on Dec 11, 2021.
             Was an Initiate of Yredelemnul.
             Slain by an orc wizard (11 damage)
             ... on level 8 of the Dungeon.
             The game lasted 00:23:23 (10953 turns).

Zonian the Grave Robber (Demonspawn Necromancer)   Turns: 10953, Time: 00:23:23

Health: -5/65      AC:  6    Str:  9    XL:     9   Next: 16%
Magic:  16/16      EV: 14    Int: 19    God:    Yredelemnul [......]
Gold:   317        SH:  0    Dex: 15    Spells: 10/18 levels left

rFire   . . .      SeeInvis .   q - +1 dagger (elec)
rCold   . . .      Faith    .   (no shield)
rNeg    . . .      Spirit   .   n - +1 leather armour
rPois   .          Reflect  .   c - +2 hat
rElec   .          Harm     .   (no cloak)
rCorr   .          Rampage  .   (no gloves)
Will    .....                   (no boots)
Stlth   +++.......              b - amulet of magic regeneration
HPRegen 0.20/turn               (no ring)
MPRegen 0.55/turn               (no ring)

@: studying Dodging
A: antennae 1, demonic guardian 1, powered by death 1
a: Renounce Religion, Recall Undead Harvest


You were on level 8 of the Dungeon.
You worshipped Yredelemnul.
Yredelemnul was noncommittal.
You visited 2 branches of the dungeon, and saw 9 of its levels.

You collected 421 gold pieces.
You spent 104 gold pieces at shops.

Inventory:

Hand Weapons
 f - a +0 dagger of freezing
 m - a +2 dagger of venom
 q - a +1 dagger of electrocution (weapon)
 x - a +1 whip of draining
 A - a +0 short sword
Missiles
 i - 62 poisoned darts
Armour
 a - a +0 robe
 c - a +2 hat (worn)
 n - a +1 leather armour (worn)
Magical Staves
 d - a staff of conjuration
Jewellery
 b - an amulet of magic regeneration (around neck)
 B - a ring of wizardry
Wands
 r - a wand of digging (3)
 t - a wand of charming (8)
 u - a wand of iceblast (6)
 w - a wand of paralysis (21)
Scrolls
 v - 4 scrolls of identify
 y - a scroll of teleportation
 z - a scroll of fog
Potions
 e - a potion of flight
 g - a potion of magic
 h - a potion of heal wounds
 j - 2 potions of might
 k - 2 potions of attraction
 l - a potion of curing
 o - a potion of lignification
 p - 3 potions of brilliance
 s - 3 potions of mutation


   Skills:
 + Level 3.7 Fighting
 + Level 3.2 Short Blades
 + Level 5.9 Dodging
 + Level 5.6 Stealth
 + Level 5.3 Spellcasting
 + Level 7.3 Necromancy
 + Level 1.4 Invocations


You had 10 spell levels left.
You knew the following spells:

 Your Spells              Type           Power      Damage    Failure   Level
a - Pain                  Necr           100%       1d9       1%          1
b - Vampiric Draining     Necr           32%        2d8       2%          3
c - Animate Dead          Necr           16%        N/A       9%          4

Your spell library contained the following spells:

 Spells                   Type           Power      Damage    Failure   Level
 Animate Skeleton         Necr           64%        N/A       1%          1
 Magic Dart               Conj           20%        1d4       17%         1
 Agony                    Necr           32%        N/A       24%         5
 Call Imp                 Summ           5%         N/A       26%         2
 Mephitic Cloud           Conj/Pois/Air  5%         N/A       45%         3


Dungeon Overview and Level Annotations

Branches:
Dungeon (9/15)             Temple (1/1) D:6
   Lair: D:8-11         Orc: D:9-12

Altars:
Ashenzari
Cheibriados
Dithmenos
Elyvilon
Fedhas
Gozag
Hepliaklqana
Kikubaaqudgha
Makhleb
Nemelex Xobeh
Okawaru
Qazlal
Ru
Sif Muna
Trog
Uskayaw
Vehumet
Wu Jian
Xom
Yredelemnul
Zin
The Shining One

Shops:
D:2 (![(   D:4 (:


Innate Abilities, Weirdness & Mutations

You have a pair of small antennae on your head.
A weak demonic guardian rushes to your aid.
You regenerate a little health from kills.


Message History

a +0 whip; 18 gold pieces You barely miss the howler monkey.
The howler monkey hoots and howls with incredible vigour!
Unknown command.
The howler monkey writhes in agony.
Something hits you. Something freezes you.
The howler monkey closely misses you.
Your orc priest zombie hits the howler monkey but does no damage.
The howler monkey writhes in agony!
The howler monkey hits you. Something hits you. Something freezes you.
Your orc priest zombie closely misses the howler monkey.
The howler monkey writhes in agony!
You kill the howler monkey!
Something hits you.
A demonic guardian appears!
Something freezes you.
Unknown command.
You barely miss something. Something hits you. Something freezes you.
You hit something but do no damage. Something barely misses you.
You closely miss something. Something hits you but does no damage.
You miss something. You hit something but do no damage. Something hits you.
Something freezes you.
You barely miss something. Something hits you. Something freezes you.
You completely miss something. Something hits you. Something freezes you.
You miss something. Something completely misses you.
You closely miss something. Something hits you. Something freezes you.
You closely miss something. Something barely misses you.
You hit something but do no damage. Something hits you. Something freezes you.
Something hits you but does no damage.
You hit something but do no damage. Something hits you! Something freezes you.
* * * LOW HITPOINT WARNING * * *
Unknown command.
Your +2 dagger of venom stops dripping with poison.
You hear the crackle of electricity.
q - a +1 dagger of electrocution (weapon)
Something hits you but does no damage.
You closely miss something. Something hits you!
* * * LOW HITPOINT WARNING * * *
Something freezes you.
* * * LOW HITPOINT WARNING * * *
You closely miss something. Something hits you!
You die...
Your body rises from the dead as a mindless zombie.

# ..
#.....#....######...[ #
...##+####.........#....
#
...##..............#....
#
...................#....
#
........##....##.###....
# .......?##....# .#
##### # ................
# # ...##.Z.......... #
## #.5@Z........ #
#.{.##....... # #...#
..... # .'.... .... #
..#...# #### # ....#...#
... #...# .. #...'


You could see a friendly iron imp (summoned), a friendly orc zombie and a
friendly orc priest zombie.

Vanquished Creatures
  Sigmund (D:4)
  A steam dragon (D:8)
  Edmund (D:5)
  A water moccasin (D:6)
  A sky beast (D:6)
  A necrophage (D:6)
  3 ogres
  A phantom (D:6)
  2 centaurs
  A kobold brigand (D:8)
  A scorpion (D:5)
  A water moccasin skeleton (D:5)
  A howler monkey (D:8)
  2 bullfrog zombies (D:5)
  4 orc priests
  2 jellies
  A centaur skeleton (D:6)
  3 hounds
  Jessica (D:2)
  2 iguanas
  Natasha (thrice) (D:3)
  2 orc wizards
  An adder (D:2)
  3 gnolls (D:3)
  A howler monkey skeleton (D:5)
  A shadow imp (D:6)
  2 white imps
  An ufetubus (D:4)
  2 dart slugs (D:2)
  11 orcs
  4 ball pythons
  2 bats (D:2)
  4 endoplasms
  A giant cockroach (D:3)
  3 hobgoblins
  2 jackals (D:2)
  11 kobolds
  3 quokkas
  2 frilled lizards (D:1)
  2 goblins
  10 rats
102 creatures vanquished.

Vanquished Creatures (collateral kills)
  A water moccasin (D:5)
  A water moccasin zombie (D:4)
  An orc wizard (D:5)
  An orc (D:5)
4 creatures vanquished.

Vanquished Creatures (others)
  3 kobold zombies (D:8)
  7 plants (D:9)
10 creatures vanquished.

Grand Total: 116 creatures vanquished

Notes
Turn   | Place    | Note
-------+----------+-------------------------------------------
     0 | D:1      | Zonian the Demonspawn Necromancer began the quest for the
                  | Orb.
     0 | D:1      | Reached XP level 1. HP: 13/13 MP: 3/3
   209 | D:1      | Found a faded altar of an unknown god.
   520 | D:1      | Gained mutation: You have a pair of small antennae on your
                  | head. [demonic ancestry]
   520 | D:1      | Reached XP level 2. HP: 18/19 MP: 3/5
  1559 | D:2      | Found Femejail's Armour Boutique.
  1583 | D:2      | Found Goimnume's Distillery.
  1591 | D:2      | Bought a potion of heal wounds for 65 gold pieces
  1805 | D:2      | Found Eggiaq's Weapon Boutique.
  1956 | D:2      | Gained mutation: You regenerate a little health from kills.
                  | [demonic ancestry]
  1956 | D:2      | Reached XP level 3. HP: 22/24 MP: 3/6
  1960 | D:2      | Learned a level 3 spell: Vampiric Draining
  2056 | D:2      | Found Wejese Uske's Antique Weapon Shop.
  2111 | D:2      | Noticed Jessica
  2116 | D:2      | Killed Jessica
  2904 | D:2      | Reached XP level 4. HP: 30/30 MP: 6/8
  3066 | D:2      | Bought a potion of curing for 39 gold pieces
  3341 | D:3      | Noticed Natasha
  3353 | D:3      | Killed Natasha
  3690 | D:3      | Noticed Natasha
  3888 | D:3      | Reached skill level 5 in Necromancy
  4441 | D:3      | Killed Natasha
  4442 | D:3      | Reached XP level 5. HP: 30/35 MP: 7/9
  4480 | D:3      | Noticed Natasha
  4505 | D:3      | Killed Natasha
  4722 | D:4      | Learned a level 4 spell: Animate Dead
  4725 | D:4      | Found a shadowy altar of Dithmenos.
  5043 | D:4      | Gained mutation: A weak demonic guardian rushes to your
                  | aid. [demonic ancestry]
  5043 | D:4      | Reached XP level 6. HP: 37/41 MP: 11/11
  5076 | D:4      | Found Umiaczapha's Book Shoppe.
  5288 | D:4      | Noticed Sigmund
  5304 | D:4      | Killed Sigmund
  5585 | D:4      | Found Icwaontu's Weapon Shoppe.
  5618 | D:4      | Reached skill level 6 in Necromancy
  5618 | D:4      | Reached XP level 7. HP: 5/46 MP: 12/12
  6467 | D:5      | Entered Level 5 of the Dungeon
  6576 | D:5      | Noticed Edmund
  6585 | D:5      | Killed Edmund
  6586 | D:5      | Reached skill level 1 in Fighting
  6650 | D:5      | Reached skill level 1 in Short Blades
  7499 | D:5      | Reached XP level 8. HP: 5/56 MP: 11/14
  8631 | D:6      | Reached skill level 5 in Stealth
  8651 | D:6      | Reached skill level 5 in Dodging
  8839 | D:6      | Reached skill level 7 in Necromancy
  9223 | D:6      | Reached skill level 5 in Spellcasting
  9961 | D:6      | Found a staircase to the Ecumenical Temple.
 10037 | Temple   | Entered the Ecumenical Temple
 10142 | Temple   | Became a worshipper of Yredelemnul the Dark
 10212 | D:6      | You fall into a shaft and drop 3 floors!
 10511 | D:8      | Reached XP level 9. HP: 27/64 MP: 7/16
 10521 | D:8      | Reached * piety under Yredelemnul
 10627 | D:8      | Reached skill level 1 in Invocations
 10930 | D:8      | Identified the +6 dagger of Oruefaata {freeze, *Rage rF++
                  | rC+ Dex+2}
 10953 | D:8      | Slain by an orc wizard

Illustrated notes

Levels and vault maps discovered:
D:1:      nzn_arrival_depleted_hourglass, layout_loops_corners,
          ebering_ecumenical_altar_sacrificial, minivault_4, lemuel_flame_loot_1
D:2:      layout_loops_corners, serial_shops, shop_coins, shop, shop, shop,
          minmay_increasing_density, uniq_jessica
D:3:      layout_loops_ring, uniq_natasha
D:4:      layout_basic, nicolae_dithmenos_shadow_blocks, serial_shops,
          nicolae_shop_hallway_plus, shop, minivault_23, uniq_sigmund
D:5:      layout_cave_pods, minmay_manual_mail, uniq_edmund
D:6:      layout_loops_cross, temple_statues
D:8:      layout_gridville
D:9:      layout_basic, erik_orc_2, dk_noncrumbling_4, minivault_25,
          chequers_big_river, uniq_gastronok, uniq_maurice
Temple:   kilobyte_greek_temple

Skill      XL: |  1  2  3  4  5  6  7  8  9 |
---------------+----------------------------+-----
Stealth        | 2 3 4 5 |  5.6
Dodging        | 2 3 4 5 |  5.9
Necromancy     | 5 6 7 |  7.3
Spellcasting   | 3 4 5 |  5.3
Fighting       | 1 3 |  3.7
Short Blades   | 1 3 |  3.2
Invocations    | 1 |  1.4

Action                   |  1- 3 |  4- 6 |  7- 9 || total
-------------------------+-------+-------+-------++-------
Melee: Unarmed           |     3 |       |       ||     3
       Dagger            |    21 |    79 |   191 ||   291
 Cast: Pain              |    48 |    46 |    80 ||   174
       Vampiric Draining |       |       |     6 ||     6
Evoke: Wand              |       |       |     1 ||     1
  Use: Scroll            |       |    12 |     5 ||    17
       Potion            |       |     2 |     2 ||     4
 Stab: Sleeping          |     3 |     2 |     3 ||     8
Armor: Robe              |     1 |       |       ||     1
       Leather armour    |     9 |    23 |    76 ||   108
Dodge: Dodged            |    12 |    63 |   152 ||   227

Table legend: (Time is in decaauts)
 A = Elapsed time spent in this place.
 B = Non-inter-level travel time spent in this place.
 C = Inter-level travel time spent in this place.
 D = Time resting spent in this place.
 E = Time spent auto-exploring this place.
 F = Levels seen in this place.
 G = Mean time per level.
                   A        B        C        D        E       F      G
               +--------+--------+--------+--------+--------+-----+--------+
         Total |  11013 |  10663 |    350 |   3552 |   5374 |   9 | 1223.7 |
       Dungeon |  10870 |  10558 |    312 |   3552 |   5281 |   8 | 1358.8 |
        Temple |    143 |    105 |     38 |      0 |     93 |   1 |  143.0 |
               +--------+--------+--------+--------+--------+-----+--------+

Top non-repeatable levels by time:
     D:4: 2410 daAuts
     D:3: 1624 daAuts
     D:2: 1601 daAuts
     D:6: 1487 daAuts
     D:1: 1473 daAuts
     D:5: 1467 daAuts
     D:8: 692 daAuts
  Temple: 143 daAuts
     D:9: 111 daAuts
